 Dungeon Crawl Stone Soup version 0.20.0-8-g6b59dc7 (webtiles) character file.

424 darksquall the Agent of Entropy (level 6, -2/50 HPs)
             Began as a Demonspawn Abyssal Knight on May 30, 2017.
             Was a Priest of Lugonu.
             Slain by a mummy (17 damage)
             ... in an ossuary.
             The game lasted 00:15:29 (4058 turns).

darksquall the Agent of Entropy (DsAK)              Turns: 4058, Time: 00:15:30

Health: -2/50      AC:  5    Str: 11    XL:     6   Next: 64%
Magic:  10/10      EV: 10    Int: 18    God:    Lugonu [***...]
Gold:   197        SH:  0    Dex: 14    Spells: 5/5 levels left

rFire    . . .     SeeInvis .   a - +1 falchion
rCold    . . .     Gourm    .   (no shield)
rNeg     . . .     Faith    .   f - +0 ring mail
rPois    .         Spirit   .   (helmet restricted)
rElec    .         Reflect  .   o - scarf {repulsion}
rCorr    .         Harm     .   (no gloves)
MR       .....                  (no boots)
Stlth    +.........             (no amulet)
Regen    0.2/turn               n - +5 ring of intelligence
MPRegen  0.2/turn               (no ring)

@: repel missiles
A: antennae 1, talons 1, powered by death 1, powered by pain 1, weak 1
a: Depart the Abyss, Bend Space, Banish, Renounce Religion


You were in an ossuary.
You worshipped Lugonu.
Lugonu was most pleased with you.
You were near starving.

You visited 1 branch of the dungeon, and saw 4 of its levels.
You visited the Abyss 1 time.
You also visited: Ossuary.

You collected 197 gold pieces.

Inventory:

Hand Weapons
 a - a +1 falchion (weapon)
Armour
 b - a +0 leather armour
 f - a +0 ring mail (worn)
 g - a +0 helmet
 o - a scarf of repulsion (worn)
Jewellery
 n - a +5 ring of intelligence (left hand)
Wands
 h - a wand of flame (19/48)
Scrolls
 j - 4 scrolls of identify
 m - 2 scrolls of remove curse
 q - a scroll of blinking {unknown}
Potions
 e - a potion of lignification {unknown}
 i - a potion of haste {unknown}
 l - 2 potions of cancellation
 p - 2 potions of heal wounds {unknown}
 r - 3 potions of curing {unknown}
 s - a potion of flight {unknown}
Comestibles
 c - 3 bread rations
 d - a fruit
 k - a royal jelly


   Skills:
 + Level 4.8 Fighting
 * Level 3.5 Long Blades
 - Level 1.7 Armour
 - Level 0.8 Dodging
 * Level 6.5 Invocations


You had 5 spell levels left.
You didn't know any spells.

Dungeon Overview and Level Annotations

Branches:
Dungeon (4/15)
 Temple: D:4-7

Altars:


Innate Abilities, Weirdness & Mutations

You have sharp toenails.
You regenerate a little health from kills.
You sometimes gain a little power by taking damage.
You have a pair of small antennae on your head.
You are weak. (Str -2)


Message History

You hit the mummy.
The mummy is moderately damaged.
You hit the mummy.
The mummy is heavily damaged.
The mummy closely misses you.
You riposte.
You hit the mummy. Your kick misses the mummy.
The mummy is heavily damaged.
You hit the mummy.
The mummy is severely damaged.
The mummy hits you but does no damage.
You hit the mummy but do no damage.
The mummy is severely damaged.
You hit the mummy. You claw the mummy, but do no damage.
The mummy is almost destroyed.
The mummy hits you!
* * * LOW HITPOINT WARNING * * *
You hit the mummy but do no damage.
The mummy is almost destroyed.
The mummy hits you!
You die...

#......#......####.'..#
.......#.........#.#..#
..#....#....#....#.#..#
..#....#....#....###..#
. #....#....#....#.'..#
##+####+###.#..#
#...#..# +###+#####..#
......M@....#
...........∩#
#############


You could see a mummy.

Vanquished Creatures
  3 centaur zombies (Ossuary)
  A centaur skeleton (D:3)
  An ogre zombie (Ossuary)
  6 mummies (Ossuary)
  7 adders
  3 gnolls (D:3)
  An ooze (D:1)
  4 worms
  3 leopard geckos (D:2)
  3 orcs (D:3)
  5 giant cockroaches
  A gnoll zombie (Ossuary)
  5 goblins
  9 hobgoblins
  3 jackals (D:3)
  A quokka (D:3)
  7 bats
  3 frilled lizards
  3 goblin zombies (Ossuary)
  3 hobgoblin zombies (Ossuary)
  11 kobolds
  5 kobold zombies (Ossuary)
  3 quokka zombies (Ossuary)
  10 rats
  A rat zombie (Ossuary)
102 creatures vanquished.

Vanquished Creatures (others)
  An ogre zombie (Ossuary)
1 creature vanquished.

Grand Total: 103 creatures vanquished

Notes
Turn   | Place    | Note
-------+----------+-------------------------------------------
     0 | Abyss:1  | darksquall the Demonspawn Abyssal Knight began the quest for the Orb.
     0 | Abyss:1  | Reached XP level 1. HP: 18/18 MP: 2/2
    46 | Abyss:2  | Noticed a chaos spawn
    49 | Abyss:2  | Noticed an orange demon
    49 | D:1      | Escaped the Abyss
   103 | D:1      | You fall through a shaft!
   116 | D:2      | Reached skill level 3 in Invocations
   119 | D:2      | Reached * piety under Lugonu
   119 | D:2      | Gained mutation: You regenerate a little health from kills. [demonic ancestry]
   119 | D:2      | Reached XP level 2. HP: 24/24 MP: 2/4
   801 | D:2      | Gained mutation: You sometimes gain a little power by taking damage. [demonic ancestry]
   801 | D:2      | Reached XP level 3. HP: 27/29 MP: 5/5
   841 | D:2      | Reached skill level 4 in Invocations
  1748 | D:1      | Reached ** piety under Lugonu
  1888 | D:1      | Gained mutation: You have sharp toenails. [demonic ancestry]
  1888 | D:1      | Reached XP level 4. HP: 37/37 MP: 7/7
  1974 | D:3      | Reached skill level 5 in Invocations
  2507 | D:3      | Reached XP level 5. HP: 27/42 MP: 7/9
  3007 | D:4      | Found a sand-covered staircase.
  3072 | Ossuary  | Entered an ossuary
  3073 | Ossuary  | Gained mutation: You have a pair of small antennae on your head. [potion of mutation]
  3073 | Ossuary  | Gained mutation: You are frail. (-10% HP) [potion of mutation]
  3073 | Ossuary  | Gained mutation: You have a pair of antennae on your head. [potion of mutation]
  3074 | Ossuary  | Lost mutation: You are frail. (-10% HP) [potion of mutation]
  3074 | Ossuary  | Lost mutation: You have a pair of antennae on your head. [potion of mutation]
  3074 | Ossuary  | Gained mutation: Your spells are a little easier to cast, but a little less powerful. [potion of mutation]
  3074 | Ossuary  | Gained mutation: You are weak. (Str -2) [potion of mutation]
  3074 | Ossuary  | Lost mutation: Your spells are a little easier to cast, but a little less powerful. [potion of mutation]
  3253 | Ossuary  | Reached skill level 6 in Invocations
  3318 | Ossuary  | Reached XP level 6. HP: 25/49 MP: 10/10
  3320 | Ossuary  | Reached *** piety under Lugonu
  4058 | Ossuary  | Slain by a mummy

Skill      XL: |  1  2  3  4  5  6 |
---------------+-------------------+-----
Invocations    | 3 4 5 6 |  6.5
Long Blades    | 2 3 |  3.5
Fighting       | 4 |  4.8
Armour         | |  1.7
Dodging        | |  0.8

Action                   |  1- 3 |  4- 6 || total
-------------------------+-------+-------++-------
Melee: Falchion          |   158 |   231 ||   389
       Kick              |       |    75 ||    75
Invok: Depart the Abyss  |     1 |       ||     1
       Banish            |       |     1 ||     1
Evoke: Wand              |       |    10 ||    10
  Use: Scroll            |       |     6 ||     6
       Potion            |       |     3 ||     3
  Eat: Chunk             |     3 |     4 ||     7
       Fruit             |       |     3 ||     3
Armor: Leather armour    |    11 |       ||    11
       Ring mail         |    69 |    66 ||   135
Dodge: Dodged            |   110 |   106 ||   216
       Rpst.: Falchion   |    33 |    37 ||    70
